 Dungeon Crawl Stone Soup version 0.19.1 (console) character file.

1506 Morrissey the Chiller (level 8, -2/57 HPs)
             Began as a White Draconian Ice Elementalist on Dec 27, 2016.
             Was a Follower of Kikubaaqudgha.
             Slain by a phantom (8 damage)
             ... on level 6 of the Dungeon.
             The game lasted 00:17:50 (6119 turns).

Morrissey the Chiller (DrIE)                        Turns: 6119, Time: 00:17:51

Health: -2/57      AC:  9    Str: 11    XL:     8   Next: 52%
Magic:  7/14       EV: 12    Int: 18    God:    Kikubaaqudgha [*.....]
Gold:   160        SH:  0    Dex: 11    Spells: 5 memorised, 1 level left

rFire  . . .     SeeInvis .     a - +0 mace (protect)
rCold  + . .     Gourm    .     (armour unavailable)
rNeg   + . .     Faith    .     (no shield)
rPois  .         Spirit   .     (helmet restricted)
rElec  .         Reflect  .     g - +0 cloak
rCorr  .         Harm     .     u - +0 pair of gloves
MR     .....                    w - +0 pair of boots
Stlth  ++........               (no amulet)
                                (no ring)
                                y - ring of positive energy

@: lethally poisoned (-2 -> -3), short of breath
A: breathe frost, unfitting armour, cold resistance 1, cold-blooded, AC +6
a: Breathe Frost, Receive Corpses, Renounce Religion


You were on level 6 of the Dungeon.
You worshipped Kikubaaqudgha.
Kikubaaqudgha was aware of your devotion.
You were not hungry.

You visited 2 branches of the dungeon, and saw 8 of its levels.

You collected 272 gold pieces.
You spent 112 gold pieces at shops.

Inventory:

Hand Weapons
 a - a +0 mace of protection (weapon)
Armour
 g - a +0 cloak (worn)
 u - a +0 pair of gloves (worn)
 w - a +0 pair of boots (worn)
Jewellery
 y - a ring of positive energy (left hand)
Wands
 A - a wand of flame (26/48)
Scrolls
 c - 5 scrolls of teleportation {unknown}
 i - 4 scrolls of remove curse {unknown}
 k - 3 scrolls of amnesia {unknown}
 l - a scroll of magic mapping {unknown}
 m - 2 scrolls of immolation {unknown}
 q - a scroll of identify {unknown}
 s - a scroll of enchant armour {unknown}
 v - a scroll of recharging {unknown}
 B - a scroll of fog {unknown}
Potions
 d - a potion of flight
 e - a potion of brilliance {unknown}
 j - 4 potions of curing {unknown}
 n - a potion of lignification {unknown}
 o - a potion of resistance {unknown}
 r - a potion of mutation {unknown}
 x - a potion of invisibility {unknown}
 z - 2 potions of cancellation {unknown}
 C - a potion of haste {unknown}
Books
 D - Kikubaaqudgha's Volume of Necromancy
   (Kikubaaqudgha gifted it to you on level 6 of the Dungeon)

   Spells                             Type                      Level
   a - Pain                           Necromancy                   1
   b - Corpse Rot                     Necromancy                   2
   c - Sublimation of Blood           Necromancy                   2
   d - Vampiric Draining              Necromancy                   3
   e - Control Undead                 Necromancy                   4
 G - a book of Frost

   Spells                             Type                      Level
   a - Freeze                         Ice                          1
   b - Throw Frost                    Conjuration/Ice              2
   c - Ozocubu's Armour               Charms/Ice                   3
   d - Throw Icicle                   Conjuration/Ice              4
   e - Summon Ice Beast               Ice/Summoning                4
Comestibles
 b - 4 bread rations
 f - 2 beef jerkies
 p - 4 fruits
 t - 2 meat rations
 E - 6 chunks of flesh
 F - a slice of pizza


   Skills:
 - Level 1.7 Dodging
 - Level 1.7 Stealth
 - Level 4.3 Spellcasting
 * Level 4.4 Conjurations
 - Level 4.6 Charms
 * Level 4.4 Summonings
 * Level 2.2 Necromancy
 + Level 6.2 Ice Magic


You had one spell level left.
You knew the following spells:

 Your Spells              Type           Power        Failure   Level  Hunger
a - Freeze                Ice            ####         1%          1    None
b - Ozocubu's Armour      Chrm/Ice       ###.....     4%          3    ###....
c - Throw Icicle          Conj/Ice       ###.....     21%         4    ####...
d - Summon Ice Beast      Ice/Summ       ###.....     21%         4    ####...
e - Sublimation of Blood  Necr           ##........   12%         2    ##.....


Dungeon Overview and Level Annotations

Branches:
Dungeon (7/15)             Temple (1/1) D:4

Altars:
Dithmenos
Fedhas
Kikubaaqudgha
Makhleb
Nemelex Xobeh
Okawaru
Ru
Sif Muna
Vehumet
Xom
Zin
The Shining One

Shops:
D:4 [


Innate Abilities, Weirdness & Mutations

You can breathe waves of freezing cold.
You can buffet flying creatures when you breathe cold.
Your icy white scales are hard. (AC +6)
You cannot fit into any form of body armour.
Your flesh is cold resistant. (rC+)
You are cold-blooded and may be slowed by cold attacks.


Message History

* * * LOW HITPOINT WARNING * * *
You feel sick.
The orc wizard gestures wildly while chanting.
There is a stone staircase leading up here.
The phantom hits you!
* * * LOW HITPOINT WARNING * * *
The orc wizard casts a spell.
The orc wizard blinks!
You climb upwards.
You feel sick.
There is a stone staircase leading down here.
Casting: Freeze
Confirm with . or Enter, or press ? or * to list all spells.
Aiming: Throw Icicle
Press: ? - help, Shift-Dir - straight line, f - phantom
Aim: a phantom The shard of ice hits the phantom.
The phantom partially resists.
The phantom is moderately damaged.
The phantom hits you!
You die...
Kikubaaqudgha rasps: "You have failed me!
Welcome... death!"

# #.≈≈###≈ # ###.≈≈≈≈≈≈ #
####### #...≈≈≈≈≈≈ # #.....#
#.##≈≈###≈ # #.###.###
#.##≈≈+ #≈ # #.#..<..#
#.##≈≈###≈ ##
##.#.#.#.###.###≈≈≈≈≈ .#
##....W.#....#....≈≈≈≈ .#
#######....@#######.###...#.
.# #...........# #.# ######
.# #.#####.....##### #.# #
.#####.# ##........# #.# #
.......#######.#####.# #.# #
..#####........#
###.###.######## ..#
#.######.###...............
..#
##.#####...##.#..##########.
..####.....>......#...# #.


You could see a phantom.

Vanquished Creatures
  Sigmund (D:2)
  An orc warrior (D:6)
  A sky beast (D:6)
  An ogre (D:4)
  A centaur (D:5)
  A bullfrog (D:6)
  A scorpion (D:6)
  An electric eel (D:6)
  A howler monkey (D:4)
  2 crimson imps (D:5)
  2 hounds
  A bullfrog skeleton (D:4)
  A jelly (D:6)
  2 orc priests
  4 orc wizards
  Ijyb (D:2)
  3 iguanas
  3 worker ants
  A killer bee zombie (D:5)
  5 adders
  4 gnolls (D:6)
  2 shadow imps
  2 oozes
  An adder zombie (D:6)
  2 worms (D:4)
  2 dart slugs
  9 leopard geckos
  16 orcs
  6 giant cockroaches
  9 goblins
  9 hobgoblins
  14 jackals
  6 quokkas
  A ball python (D:2)
  6 bats
  9 frilled lizards
  8 kobolds
  A leopard gecko skeleton (D:4)
  A quokka skeleton (D:5)
  A quokka zombie (D:5)
  9 rats
152 creatures vanquished.

Notes
Turn   | Place    | Note
-------+----------+-------------------------------------------
     0 | D:1      | Morrissey the Draconian Ice Elementalist began the quest for the Orb.
     0 | D:1      | Reached XP level 1. HP: 14/14 MP: 3/3
   206 | D:1      | Reached XP level 2. HP: 20/20 MP: 0/5
   625 | D:1      | Reached XP level 3. HP: 21/26 MP: 4/7
   655 | D:1      | Learned a level 3 spell: Ozocubu's Armour
   804 | D:2      | Noticed Sigmund
   835 | D:2      | Killed Sigmund
   835 | D:2      | Reached skill level 1 in Charms
   835 | D:2      | Reached skill level 4 in Ice Magic
   835 | D:2      | Reached XP level 4. HP: 30/33 MP: 0/10
   835 | D:2      | Reached XP level 5. HP: 35/38 MP: 0/11
   929 | D:2      | Noticed Ijyb
   942 | D:2      | Killed Ijyb
  1035 | D:2      | Learned a level 4 spell: Throw Icicle
  1040 | D:2      | Learned a level 4 spell: Summon Ice Beast
  1158 | D:2      | Found a burning altar of Makhleb.
  1661 | D:2      | Reached XP level 6. HP: 45/45 MP: 10/12
  2093 | D:3      | Found a sacrificial altar of Ru.
  2181 | D:3      | Reached skill level 1 in Summonings
  2253 | D:3      | Found a deep blue altar of Sif Muna.
  2253 | D:3      | Found a glowing silver altar of Zin.
  2289 | D:3      | Found a shimmering altar of Xom.
  2291 | D:3      | Found a blossoming altar of Fedhas.
  2291 | D:3      | Found a blossoming altar of Fedhas.
  2293 | D:3      | Found an iron altar of Okawaru.
  2293 | D:3      | Found a glowing golden altar of the Shining One.
  2293 | D:3      | Found a blossoming altar of Fedhas.
  2670 | D:4      | Your scales start taking on an icy white colour.
  2670 | D:4      | Reached skill level 5 in Ice Magic
  2670 | D:4      | Reached XP level 7. HP: 49/50 MP: 3/13
  2670 | D:4      | Gained mutation: Your flesh is cold resistant. (rC+) [White Draconian growth]
  3106 | D:4      | Found Xecret's Antique Armour Boutique.
  3121 | D:4      | Bought a pair of gloves for 112 gold pieces
  3242 | D:4      | Found a staircase to the Ecumenical Temple.
  3246 | Temple   | Entered the Ecumenical Temple
  3273 | Temple   | Became a worshipper of Kikubaaqudgha
  3540 | D:5      | Entered Level 5 of the Dungeon
  5066 | D:6      | Reached * piety under Kikubaaqudgha
  5066 | D:6      | Identified Kikubaaqudgha's Volume of Necromancy (Kikubaaqudgha gifted it to you on level 6 of the Dungeon)
  5066 | D:6      | Received a gift from Kikubaaqudgha
  5071 | D:6      | Learned a level 2 spell: Sublimation of Blood
  5214 | D:6      | Reached XP level 8. HP: 38/57 MP: 7/14
  5330 | D:6      | Reached skill level 1 in Necromancy
  5463 | D:6      | Reached skill level 6 in Ice Magic
  6119 | D:6      | Slain by a phantom

Skill      XL: |  1  2  3  4  5  6  7  8 |
---------------+-------------------------+-----
Spellcasting   | 4 |  4.3
Charms         | 1 2 4 |  4.6
Ice Magic      | 4 5 6 |  6.2
Summonings     | 2 3 4 |  4.4
Conjurations   | 2 3 4 |  4.4
Necromancy     | 2 |  2.2
Dodging        | |  1.7
Stealth        | |  1.7

Action                   |  1- 3 |  4- 6 |  7- 9 || total
-------------------------+-------+-------+-------++-------
Melee: Unarmed           |    22 |     8 |    65 ||    95
       Tailslap          |     1 |     2 |     8 ||    11
       Mace              |       |       |    13 ||    13
 Cast: Freeze            |    43 |   109 |   129 ||   281
       Ozocubu's Armour  |     1 |       |     2 ||     3
       Throw Icicle      |       |       |    10 ||    10
 Abil: Breathe Frost     |       |       |    10 ||    10
  Use: Potion            |     2 |       |     1 ||     3
 Stab: Distracted        |       |     1 |       ||     1
       Sleeping          |       |       |     1 ||     1
  Eat: Chunk             |       |     6 |    14 ||    20
Armor: Skin              |    18 |    25 |    70 ||   113
Dodge: Dodged            |    27 |    54 |   118 ||   199
